 Dungeon Crawl Stone Soup version 0.31-a0-430-gf8416d752b (webtiles) character file.

Game seed: 7354607306263746767

46 Ethylacetat the Insei (level 3, -3/36 HPs)
             Began as an Octopode Shapeshifter on July 31, 2023.
             Killed from afar by Robin (8 damage)
             ... with a puff of flame
             ... on level 2 of the Dungeon.
             The game lasted 00:02:50 (1174 turns).

Ethylacetat the Insei (Octopode Shapeshifter)       Turns: 1174, Time: 00:02:51

Health: -3/36      AC: 21    Str: 14    XL:     3   Next: 66%
Magic:  3/3        EV:  2    Int: 10    God:
Gold:   59         SH:  0    Dex: 14    Spells: 2/2 levels left

rFire   . .          .
                       - Unarmed
rCold   . . .        (no shield)
rNeg    . . .        (helmet currently unavailable)
rPois   +            (no amulet)
rElec   .            (no ring)
rCorr   .            (no ring)
SInv    .            (no ring)
Will    .....        (no ring)
Stlth   +            (no ring)
HPRegen 0.26/turn    (no ring)
MPRegen 0.08/turn    (no ring)
                     (no ring)

%: no passive effects
@: tree-form
A: stationary, stasis, torment immunity, boosted hp, almost no armour,
(amphibious), 8 rings, (camouflage 1), (gelatinous body 1), (nimble swimmer 1),
(tentacles)
a: no special abilities


You were on level 2 of the Dungeon.
You were a tree.
You visited 1 branch of the dungeon, and saw 2 of its levels.

You collected 59 gold pieces.

Inventory:

Talismans
 b - a beast talisman
Scrolls
 c - a scroll of vulnerability {unknown}
 d - 2 scrolls of teleportation {unknown}
 e - 2 scrolls of revelation {unknown}
 f - 2 scrolls of identify {unknown}
 h - a scroll of fear {unknown}
 k - a scroll of poison {unknown}
Potions
 a - a potion of lignification
 g - a potion of heal wounds {unknown}
 i - a potion of attraction {unknown}
 j - a potion of might {unknown}


   Skills:
 + Level 1.8 Fighting
 + Level 2.6 Dodging
 + Level 3.4 Unarmed Combat
 + Level 3.2 Shapeshifting


You had 2 spell levels left.
You didn't know any spells.
Your spell library contained the following spells:

 Spells                   Type           Power      Damage    Failure   Level
 Shock                    Conj/Air       0%         1d3       36%         1
 Swiftness                Air            0%         N/A       75%         3
 Airstrike                Air            0%         2d(0-16)  98%         4


Dungeon Overview and Level Annotations

Branches:
Dungeon (2/15)

Altars:

Shops:
D:2 *

Annotations:
D:2 Robin


Innate Abilities, Weirdness & Mutations

You are a tree.
Your roots penetrate the ground, keeping you stationary.
You cannot be teleported.
You are immune to unholy pain and torment.
Your maximum health is greatly increased.
You cannot wear most types of armour.
((You are amphibious.))
You can wear up to eight rings at the same time.
((Your skin changes colour to match your surroundings (Stealth+).))
((Your rubbery body absorbs attacks. (AC +1, EV +1)))
((You are camouflaged when in or above water. (Stealth+)))
((You have tentacles for arms and can constrict up to eight enemies at once.))


Message History

Your grab misses the goblin. The goblin hits you with a +0 dagger.
You barely miss the goblin. You grab the goblin. You constrict the goblin.
The goblin closely misses you.
You bludgeon the goblin!
You kill the goblin!
The goblin hits you with a +0 dagger.
Robin roars a battlecry!
The goblins go into a battle-frenzy!
You tentacle-slap the goblin. Your grab misses the goblin.
Your squeeze misses the goblin.
The goblin is heavily wounded.
The goblin hits you with a +0 dagger. x2; Robin throws the goblin at you!
You are too injured to fight recklessly!
You are too injured to fight recklessly!
Really quaff the potion of lignification?
Your transformation has ended.
You turn into a tree.
Your roots penetrate the ground.
The goblin hits you but does no damage. x3
You smack the goblin!
You kill the goblin!
The goblin hits you but does no damage. x2; Robin hits you but does no damage.
The +2 spectral club hits you.
A +2 spectral club comes into view.
You smack the goblin!
You kill the goblin!
Robin hits you with a +2 spectral club.
The +2 spectral club completely misses you.
The goblin hits you with a +0 dagger.
You completely miss the goblin. Robin hits you but does no damage.
The +2 spectral club hits you but does no damage.
The goblin hits you but does no damage.
You closely miss the goblin.
Robin zaps a wand.
The puff of flame hits you!
* * * LOW HITPOINT WARNING * * *
The goblin hits you with a +0 dagger.
* * * LOW HITPOINT WARNING * * *
Unknown command.
You hit Robin.
Robin is lightly wounded.
Robin zaps a wand.
The puff of flame hits you!
You die...

#.#...####.........####.....#.#
##.# ##.......## #......## ##
##.....## ##...## ##...## ##.#
##'## #. ##.###### # #.......#
#..####.# #g♣g# .......))<#
####.#....... #.#..#.##.# #
#..#.# # ...... ##.#### #.#


You could see Robin and a goblin (strong).

Vanquished Creatures
  A worm (D:2)
  An endoplasm (D:1)
  3 giant cockroaches
  8 goblins
  6 hobgoblins
  2 kobolds
  A quokka (D:1)
  3 ball pythons
  5 bats (D:1)
  4 frilled lizards
  4 rats (D:1)
38 creatures vanquished.

Notes
Turn   | Place    | Note
-------+----------+-------------------------------------------
     0 | D:1      | Ethylacetat the Octopode Shapeshifter began the quest for
                  | the Orb.
     0 | D:1      | Reached XP level 1. HP: 13/13 MP: 1/1
   223 | D:1      | Reached XP level 2. HP: 18/18 MP: 2/2
   937 | D:2      | Reached XP level 3. HP: 18/23 MP: 3/3
   970 | D:2      | Found Teojullo's Assorted Antiques.
  1133 | D:2      | Noticed Robin
  1174 | D:2      | Killed from afar by Robin

Illustrated notes

Levels and vault maps discovered:
D:1:      onia_arrival_handbag, layout_basic, chequers_serial_rivers_small_a
D:2:      layout_loops_corners, serial_shops, nicolae_diamond_shop,
          uniq_natasha, uniq_robin

Action                     || total
---------------------------++-------
  Melee: Unarmed           ||    57
         Constrict         ||    12
         Tentacles         ||    10
    Use: Potion            ||     1
   Stab: Sleeping          ||     6
 Armour: Skin              ||    11
  Dodge: Dodged            ||    19

Table legend: (Time is in decaauts)
 A = Elapsed time spent in this place.
 B = Non-inter-level travel time spent in this place.
 C = Inter-level travel time spent in this place.
 D = Time resting spent in this place.
 E = Time spent auto-exploring this place.
 F = Levels seen in this place.
 G = Mean time per level.
                   A        B        C        D        E       F      G
               +--------+--------+--------+--------+--------+-----+--------+
         Total |   1170 |   1113 |     57 |      0 |    899 |   2 |  585.0 |
       Dungeon |   1170 |   1113 |     57 |      0 |    899 |   2 |  585.0 |
               +--------+--------+--------+--------+--------+-----+--------+

Top non-repeatable levels by time:
     D:1: 931 daAuts
     D:2: 238 daAuts
